[Event "8th Mersin Open 2024"]
[Site "Mersin"]
[Date "2024.11.11"]
[Round "2"]
[White "Ahmad, Alo."]
[Black "Alim, Mehmet Emir"]
[Result "0-1"]
[ECO "B90"]
[WhiteElo "1560"]
[BlackElo "1532"]
[Annotator "NA RC"]
[PlyCount "62"]
[EventDate "2024.11.10"]
[EventType "swiss"]
[EventCountry "TUR"]
[SourceTitle "playchess.com"]
[Source "ChessBase"]
[SourceQuality "1"]
[TimeControl "5400+30"]

1. e4 c5 2. Nc3 Nc6 3. Nf3 e6 4. d4 cxd4 5. Nxd4 d6 6. Be3 Nf6 7. Be2 a6 8. Qd2 Qc7 9. O-O b5 10. Bf3 Bb7 11. a3 Be7 12. Rac1 Ne5 13. b3 Nxf3+ 14. gxf3 Rc8 15. Nce2 d5 16. exd5 Bxd5 17. Nf4 Bb7 18. Nfe2 Bxa3 19. Rcd1 Bd6 20. Ng3 Nd5 21. f4 Nxf4 22. Bxf4 Bxf4 23. Qe2 O-O 24. Qg4 Be5 25. Rfe1 Bxd4 26. Rxd4 Qc6 27. Qh3 Qf3 28. Re3 Qf6 29. Rh4 Rxc2 30. f4 Qa1+ 31. Nf1 Rg2+ 0-1

[Event "8th Mersin Open 2024"]
[Site "Mersin"]
[Date "2024.11.11"]
[Round "2"]
[White "Fidan, Naz Mercan"]
[Black "Akcay, Batin"]
[Result "0-1"]
[ECO "B22"]
[WhiteElo "1552"]
[BlackElo "1573"]
[Annotator "NA RC"]
[PlyCount "179"]
[EventDate "2024.11.10"]
[EventType "swiss"]
[EventCountry "TUR"]
[SourceTitle "playchess.com"]
[Source "ChessBase"]
[SourceQuality "1"]
[TimeControl "5400+30"]

1. e4 c5 2. c3 Nf6 3. e5 Nd5 4. d4 cxd4 5. cxd4 e6 6. Nf3 Nc6 7. Bc4 Nb6 8. Bb3 Be7 9. O-O d5 10. exd6 Qxd6 11. Nc3 O-O 12. d5 exd5 13. Nxd5 Nxd5 14. Qxd5 Qxd5 15. Bxd5 Nb4 16. Bb3 Bf6 17. Bd2 Nd3 18. Bc3 Nxb2 19. Bxf6 gxf6 20. Rab1 Nd3 21. Bd5 Rb8 22. Rb3 Nf4 23. Bc4 Kh8 24. Re1 Be6 25. Bxe6 Nxe6 26. g3 b6 27. Ra3 Rb7 28. Rd1 Rc8 29. Ne1 Rbc7 30. Kg2 Kg7 31. h4 Rg8 32. Kf3 Rgc8 33. Kg2 b5 34. Rb3 Rb7 35. Rd5 Rc5 36. Rxc5 Nxc5 37. Rb1 a5 38. Kf3 b4 39. Ke3 Na4 40. Rb3 Nc3 41. Nd3 Nxa2 42. Kd4 a4 43. Rb1 b3 44. Nc5 Rb4+ 45. Kd3 b2 46. Nxa4 Rxa4 47. Rxb2 Nb4+ 48. Ke3 Nd5+ 49. Kf3 Nc7 50. Ke3 Ra3+ 51. Ke4 Ne6 52. Rc2 Kg6 53. Rc8 f5+ 54. Ke5 Ra5+ 55. Kd6 Kf6 56. Rc2 Ra8 57. Rb2 Rd8+ 58. Kc6 Rd3 59. Kb5 f4 60. Kc4 Rd4+ 61. Kc3 fxg3 62. fxg3 Rg4 63. Rf2+ Kg6 64. Rg2 Nf4 65. Rh2 Rxg3+ 66. Kd4 Rh3 67. Ra2 Rxh4 68. Ke3 Nd5+ 69. Kf3 h5 70. Kg3 Rg4+ 71. Kf3 f5 72. Ra8 Kg5 73. Rd8 Nf6 74. Rd1 Rf4+ 75. Kg2 Ne4 76. Rd8 Rg4+ 77. Kh2 Kf4 78. Ra8 h4 79. Ra1 Rg3 80. Rf1+ Kg4 81. Ra1 Nd2 82. Kh1 Rh3+ 83. Kg2 f4 84. Ra4 Rb3 85. Ra8 f3+ 86. Kh1 f2 87. Rg8+ Kh5 88. Rf8 f1=Q+ 89. Rxf1 Nxf1 90. Kg1 0-1

[Event "8th Mersin Open 2024"]
[Site "Mersin"]
[Date "2024.11.11"]
[Round "2"]
[White "Dere, Ali Mete"]
[Black "Arslan, Hazar"]
[Result "1/2-1/2"]
[ECO "C08"]
[WhiteElo "1550"]
[BlackElo "1597"]
[Annotator "NA RC"]
[PlyCount "57"]
[EventDate "2024.11.10"]
[EventType "swiss"]
[EventCountry "TUR"]
[SourceTitle "playchess.com"]
[Source "ChessBase"]
[SourceQuality "1"]
[TimeControl "5400+30"]

1. e4 e6 2. d4 d5 3. Nd2 c5 4. exd5 exd5 5. Ngf3 Nc6 6. Be2 Nf6 7. O-O Be7 8. dxc5 Bxc5 9. Nb3 Be7 10. Be3 O-O 11. Nfd4 Re8 12. c3 a6 13. Qc2 g6 14. Rad1 Bf8 15. Rfe1 Bg4 16. Bxg4 Nxg4 17. h3 Nxe3 18. fxe3 Ne5 19. Qf2 Bh6 20. e4 Nc4 21. Kh1 Qc7 22. exd5 Ne3 23. Rd3 Nxd5 24. Rf1 Nf4 25. Rf3 Nh5 26. g4 Be3 27. Rxe3 Rxe3 28. Qxe3 Ng3+ 29. Kg2 1/2-1/2

[Event "8th Mersin Open 2024"]
[Site "Mersin"]
[Date "2024.11.11"]
[Round "2"]
[White "Ozturk, Yucel Mert"]
[Black "Eroglu, Ilgin Deniz"]
[Result "1-0"]
[ECO "D05"]
[WhiteElo "1545"]
[BlackElo "1599"]
[Annotator "NA RC"]
[PlyCount "99"]
[EventDate "2024.11.10"]
[EventType "swiss"]
[EventCountry "TUR"]
[SourceTitle "playchess.com"]
[Source "ChessBase"]
[SourceQuality "1"]
[TimeControl "5400+30"]

1. d4 d5 2. Nf3 Nf6 3. e3 e6 4. Bd3 Nbd7 5. Nbd2 c5 6. b3 Be7 7. Bb2 O-O 8. O-O b6 9. Ne5 Bb7 10. Qf3 Qc7 11. Qh3 h6 12. f4 Nxe5 13. fxe5 Ne4 14. Nxe4 dxe4 15. Bc4 a6 16. c3 b5 17. Be2 c4 18. Rf2 Bd5 19. bxc4 Bxc4 20. Qg4 Bxe2 21. Rxe2 Qc4 22. Rf2 Qd5 23. h4 a5 24. Raf1 Qxa2 25. Qh5 f5 26. exf6 Bxf6 27. Rxf6 Qxb2 28. Rf7 Rxf7 29. Qxf7+ Kh8 30. Qxe6 Qxc3 31. Qxe4 Rc8 32. d5 Qc4 33. Qxc4 bxc4 34. Rc1 Kg8 35. Kf2 Kf7 36. Kf3 Ke7 37. Ke4 Kd6 38. Kd4 c3 39. e4 Rb8 40. Rxc3 Rb4+ 41. Rc4 Rb2 42. Rc6+ Kd7 43. Rg6 Rb4+ 44. Ke5 a4 45. Rxg7+ Kd8 46. Ra7 Rb2 47. g4 Rh2 48. Kd6 Ke8 49. e5 Rxh4 50. e6 1-0

[Event "8th Mersin Open 2024"]
[Site "Mersin"]
[Date "2024.11.11"]
[Round "2"]
[White "Saygin, Omer"]
[Black "Doygun, Lena"]
[Result "1/2-1/2"]
[ECO "B40"]
[WhiteElo "1542"]
[BlackElo "1593"]
[Annotator "NA RC"]
[PlyCount "82"]
[EventDate "2024.11.10"]
[EventType "swiss"]
[EventCountry "TUR"]
[SourceTitle "playchess.com"]
[Source "ChessBase"]
[SourceQuality "1"]
[TimeControl "5400+30"]

1. e4 c5 2. Nf3 e6 3. c3 d5 4. exd5 exd5 5. Be2 Nf6 6. d3 Bd6 7. Bg5 O-O 8. O-O Bf5 9. Qb3 Qb6 10. Qxb6 axb6 11. Bxf6 gxf6 12. Nh4 Bd7 13. f4 Re8 14. Bh5 Bb5 15. Nf5 Bf8 16. Rf3 Kh8 17. Bxf7 Re1+ 18. Kf2 Rd1 19. Rg3 Bg7 20. Rxg7 Nc6 21. Rg3 Bxd3 22. Nh6 d4 23. Rg4 Ne7 24. Be6 Rf1+ 25. Kg3 Ng6 26. Nf7+ Kg7 27. f5 Bxf5 28. Bxf5 Rxf5 29. Nd6 Rf1 30. cxd4 f5 31. Rg5 Kf6 32. Rxf5+ Rxf5 33. Nxf5 Kxf5 34. dxc5 bxc5 35. Nc3 Re8 36. Rf1+ Kg5 37. Rf7 h5 38. Rxb7 h4+ 39. Kf2 Nf4 40. Rd7 c4 41. Rd2 Nd3+ 1/2-1/2

[Event "8th Mersin Open 2024"]
[Site "Mersin"]
[Date "2024.11.11"]
[Round "2"]
[White "Sahin, Mert"]
[Black "Bogday, Gunes"]
[Result "1-0"]
[ECO "A07"]
[WhiteElo "1534"]
[BlackElo "1539"]
[Annotator "NA RC"]
[PlyCount "81"]
[EventDate "2024.11.10"]
[EventType "swiss"]
[EventCountry "TUR"]
[SourceTitle "playchess.com"]
[Source "ChessBase"]
[SourceQuality "1"]
[TimeControl "5400+30"]

1. Nf3 d5 2. g3 Nf6 3. Bg2 g6 4. O-O Bg7 5. d3 O-O 6. Nbd2 Re8 7. e4 e5 8. c3 Nc6 9. Qe2 d4 10. Rd1 Be6 11. h3 Qd7 12. Ng5 dxc3 13. bxc3 Rad8 14. Nxe6 Rxe6 15. Nc4 a6 16. Ba3 b5 17. Ne3 Bf8 18. Bxf8 Kxf8 19. a3 a5 20. Nc2 Rd6 21. Bf1 Nh5 22. Rab1 Rb8 23. Qe3 Kg7 24. Kh2 f5 25. Be2 Nf6 26. h4 Qe6 27. Kg2 fxe4 28. dxe4 Rxd1 29. Rxd1 Qb3 30. Rc1 b4 31. cxb4 Qxe3 32. Nxe3 Nd4 33. Rxc7+ Kf8 34. Bc4 Nxe4 35. Rxh7 Rd8 36. bxa5 Nd2 37. Rh8+ Ke7 38. Nd5+ Kd7 39. Rh7+ Ke8 40. Nf6+ Kf8 41. Rf7# 1-0

[Event "8th Mersin Open 2024"]
[Site "Mersin"]
[Date "2024.11.11"]
[Round "3"]
[White "Bernadskiy, Vitaliy"]
[Black "Gurbanov, Ismayil"]
[Result "1-0"]
[ECO "A14"]
[WhiteElo "2543"]
[BlackElo "2261"]
[Annotator "TA"]
[PlyCount "89"]
[EventDate "2024.11.10"]
[EventType "swiss"]
[EventCountry "TUR"]
[SourceTitle "playchess.com"]
[Source "ChessBase"]
[SourceQuality "1"]
[TimeControl "5400+30"]

1. Nf3 d5 2. g3 Nf6 3. Bg2 e6 4. O-O Be7 5. c4 O-O 6. d3 b6 {[%emt 0:01:30] [#]} 7. e4 $1 dxe4 8. dxe4 Qxd1 {[%emt 0:05:30] The position is equal.} 9. Rxd1 Nxe4 10. Nfd2 Nxd2 11. Bxa8 (11. Bxd2 $5 c6 $8 12. Nc3 $11) 11... Nxc4 12. Bg2 Rd8 13. Rxd8+ Bxd8 14. Nc3 Kf8 15. Bf4 {[%emt 0:12:00][%mdl 1024] White has compensation.} g5 16. Rd1 Ke8 17. Bc1 Nd6 18. b3 Bf6 19. Ne4 Nxe4 20. Bxe4 h6 21. f4 c5 22. fxg5 hxg5 23. Kg2 Be7 24. Bf3 f5 {[%emt 0:03:30] [#]} 25. h4 $1 gxh4 26. gxh4 Bxh4 27. Rh1 Bf6 28. Rh6 Bg7 29. Rg6 (29. Rh7 $1 $11 {keeps the balance.} Kf8 30. Bf4) 29... Kf8 (29... Kf7 $17 30. Rg5 Bh6) 30. Bf4 $11 Na6 31. Bd6+ Kf7 32. Bh5 {[%emt 0:00:30] Strongly threatening Rg3+.} Bd4 33. a3 Bb7+ 34. Kg3 Bd5 (34... e5 $11) 35. Kf4 $14 Bxb3 36. Be5 {[%emt 0:05:30] Inhibits Bd1.} ({White should try} 36. Rg3+ $14 Kf6 37. Rxb3 e5+ 38. Kf3) 36... Bxe5+ $11 37. Kxe5 {[%emt 0:00:33][%mdl 4096] Endgame. Threatens to win with Rg3+. KRB-KBN} Ke7 $2 (37... Kf8 $11 {and Black is okay.}) 38. Rg7+ $18 Kd8 {[%emt 0:00:00] [#]} 39. Kd6 {[%emt 0:00:00][%cal Rg7g8] Prevents Nc7} (39. Rxa7 Nc7 $11) 39... e5 $2 (39... Kc8 $18 40. Rxa7 Kb8) 40. Rxa7 ({Stronger than} 40. Kxe5 Nc7 $11) (40. Bg6 $142 Be6 41. Kxe6 Nc7+ 42. Kxe5 (42. Kxf5 e4 $18) 42... Nb5 43. Bxf5 (43. Kxf5 Nxa3 44. Rxa7 Nb5 $18) 43... Nd4 44. Bg6 (44. Rxa7 Nc6+ 45. Kd6 Nxa7 $11) 44... Kc8 45. Be4 (45. Rxa7 Nc6+ 46. Kd6 Nxa7 $11)) 40... Nb8 41. Bg6 {[%emt 0:00:30] White mates.} (41. Kxe5 Nc6+ 42. Kxf5 Nxa7 $19) 41... e4 42. Ra8 Kc8 43. Bxf5+ Kb7 44. Bxe4+ Kc8 45. Ra7 {[%emt 0:00:00] Weighted Error Value: White=0.09 (flawless) /Black=0.57.  Loses game:     	---       	Black=1      Mistake:       	White=3     	Black=3      Inaccurate:     	---       	Black=3      OK:         	White=10    	Black=16     Best:        	White=3     	Black=2} 1-0

[Event "8th Mersin Open 2024"]
[Site "Mersin"]
[Date "2024.11.11"]
[Round "3"]
[White "Annaberdiyev, Meylis"]
[Black "Gulsoy, Mustafa Alpago"]
[Result "1-0"]
[ECO "A94"]
[WhiteElo "2443"]
[BlackElo "2040"]
[Annotator "RC"]
[PlyCount "75"]
[EventDate "2024.11.10"]
[EventType "swiss"]
[EventCountry "TUR"]
[SourceTitle "playchess.com"]
[Source "ChessBase"]
[SourceQuality "1"]
[TimeControl "5400+30"]

1. Nf3 e6 2. d4 f5 3. g3 Nf6 4. Bg2 c6 5. O-O d5 6. b3 Be7 7. c4 O-O 8. Ba3 Nbd7 9. Qc2 Bxa3 10. Nxa3 Qe7 11. Qb2 Ne4 12. Nc2 g5 13. Ne5 Qg7 14. Rad1 Ndf6 15. Ne1 f4 16. N1d3 fxg3 17. fxg3 Bd7 18. Qc1 Rae8 19. c5 Re7 20. Bxe4 Nxe4 21. Rxf8+ Qxf8 22. Rf1 Qg7 23. Qa3 a6 24. Qa5 h6 25. Qd8+ Kh7 26. Rf8 Nf6 27. Rxf6 Qxf6 28. Nxd7 Qxd4+ 29. Nf2 Qa1+ 30. Kg2 Rg7 31. Ng4 Qb2 32. Kf3 h5 33. Nf8+ Kh8 34. Nf6 g4+ 35. Kf2 Rg8 36. Ng6+ Kg7 37. Qxg8+ Kh6 38. Qh7+ 1-0

[Event "8th Mersin Open 2024"]
[Site "Mersin"]
[Date "2024.11.11"]
[Round "3"]
[White "Ebrahimi Herab, Hamidreza"]
[Black "Atis, Hasan"]
[Result "1-0"]
[ECO "D36"]
[WhiteElo "2386"]
[BlackElo "2167"]
[Annotator "ChessBase"]
[PlyCount "61"]
[EventDate "2024.11.10"]
[EventType "swiss"]
[EventCountry "TUR"]
[SourceTitle "playchess.com"]
[Source "ChessBase"]
[SourceQuality "1"]
[TimeControl "5400+30"]

1. d4 d5 2. c4 e6 3. Nc3 Nf6 4. cxd5 exd5 5. Bg5 c6 6. Qc2 Be7 7. e3 O-O 8. Bd3 Re8 9. Nge2 Nbd7 10. O-O Nf8 11. f3 g6 12. Rad1 Ne6 13. Bh4 Nh5 14. Bxe7 Rxe7 15. b4 f5 16. Qc1 Nf6 17. e4 Ng7 18. b5 dxe4 19. fxe4 fxe4 20. Bc4+ Be6 21. Rxf6 Bxc4 22. bxc6 Rc8 23. Ng3 Bd3 24. d5 bxc6 25. d6 Re8 26. Ncxe4 Bxe4 27. d7 Qxf6 28. Nxe4 Qe7 29. Qc4+ Ne6 30. dxc8=Q Rxc8 31. Rd7 1-0

[Event "8th Mersin Open 2024"]
[Site "Mersin"]
[Date "2024.11.11"]
[Round "3"]
[White "Schekachikhin, Maksim"]
[Black "Primbetov, Kazbek"]
[Result "1-0"]
[ECO "E73"]
[WhiteElo "2353"]
[BlackElo "2059"]
[Annotator "RC"]
[PlyCount "73"]
[EventDate "2024.11.10"]
[EventType "swiss"]
[EventCountry "TUR"]
[SourceTitle "playchess.com"]
[Source "ChessBase"]
[SourceQuality "1"]
[TimeControl "5400+30"]

1. d4 Nf6 2. c4 g6 3. Nc3 Bg7 4. e4 d6 5. Be2 O-O 6. Be3 e5 7. d5 Na6 8. h4 Nc5 9. Qc2 a5 10. h5 Bd7 11. O-O-O Qe8 12. h6 Bh8 13. Nh3 c6 14. dxc6 Bxc6 15. Ng5 Na4 16. Nxa4 Bxa4 17. b3 Bc6 18. Rxd6 Nd7 19. Rhd1 Qe7 20. Kb1 Bf6 21. Nf3 Rfc8 22. Ne1 a4 23. Bg4 axb3 24. axb3 Ra3 25. Bc1 Bxe4 26. Bxa3 Bxc2+ 27. Nxc2 Ra8 28. Rxd7 Qe8 29. Bb2 Bg5 30. Nb4 Rd8 31. Rxd8 Bxd8 32. Bxe5 Bg5 33. f4 Bxh6 34. Nd5 Qa8 35. Ne7+ Kf8 36. Bf6 Ke8 37. Nc8 1-0

[Event "8th Mersin Open 2024"]
[Site "Mersin"]
[Date "2024.11.11"]
[Round "3"]
[White "Jinan Jomon"]
[Black "Khalili, Saeid"]
[Result "1-0"]
[ECO "C42"]
[WhiteElo "2342"]
[BlackElo "2066"]
[Annotator "RC"]
[PlyCount "65"]
[EventDate "2024.11.10"]
[EventType "swiss"]
[EventCountry "TUR"]
[SourceTitle "playchess.com"]
[Source "ChessBase"]
[SourceQuality "1"]
[TimeControl "5400+30"]

1. e4 e5 2. Nf3 Nf6 3. Nxe5 d6 4. Nf3 Nxe4 5. d4 Be7 6. Bd3 d5 7. O-O O-O 8. Re1 Nf6 9. h3 Nc6 10. c3 Re8 11. Ne5 Nxe5 12. dxe5 Nd7 13. Nd2 Nf8 14. f4 f6 15. Nf3 fxe5 16. fxe5 Be6 17. Nd4 Bf7 18. Qg4 Bg6 19. Nf5 c6 20. Be3 b6 21. Kh1 Kh8 22. Rad1 Rc8 23. Bg1 Bc5 24. Bxc5 bxc5 25. Nd6 Kg8 26. Nxe8 Bxe8 27. Rf1 Rc7 28. e6 Qe7 29. Rde1 c4 30. Bb1 Qd6 31. Re2 Bg6 32. Ref2 Rc8 33. e7 1-0

[Event "8th Mersin Open 2024"]
[Site "Mersin"]
[Date "2024.11.11"]
[Round "3"]
[White "Mammadova, Gulnar"]
[Black "Ererdem, Gani Eren"]
[Result "1-0"]
[ECO "C77"]
[WhiteElo "2328"]
[BlackElo "2066"]
[Annotator "ChessBase"]
[PlyCount "57"]
[EventDate "2024.11.10"]
[EventType "swiss"]
[EventCountry "TUR"]
[SourceTitle "playchess.com"]
[Source "ChessBase"]
[SourceQuality "1"]
[TimeControl "5400+30"]

1. e4 e5 2. Nf3 Nc6 3. Bb5 a6 4. Ba4 Nf6 5. Nc3 b5 6. Bb3 Bc5 7. Nd5 h6 8. c3 d6 9. d4 Ba7 10. Be3 O-O 11. Nxf6+ Qxf6 12. Bd5 Bb7 13. g4 Na5 14. Bxb7 Nxb7 15. g5 hxg5 16. Nxg5 exd4 17. cxd4 c5 18. Qh5 Qh6 19. Qxh6 gxh6 20. Nf3 cxd4 21. Bxh6 Rfe8 22. O-O-O Nc5 23. Nxd4 Kh7 24. Nf5 Nxe4 25. Rhg1 Rg8 26. Bg7 Rac8+ 27. Kb1 Rc5 28. Rd3 Nxf2 29. Rxd6 1-0

[Event "8th Mersin Open 2024"]
[Site "Mersin"]
[Date "2024.11.11"]
[Round "3"]
[White "Koksal, Ege"]
[Black "Mahmudzade, Yunis"]
[Result "1-0"]
[ECO "D47"]
[WhiteElo "2316"]
[BlackElo "2065"]
[Annotator "RC"]
[PlyCount "65"]
[EventDate "2024.11.10"]
[EventType "swiss"]
[EventCountry "TUR"]
[SourceTitle "playchess.com"]
[Source "ChessBase"]
[SourceQuality "1"]
[TimeControl "5400+30"]

1. d4 d5 2. c4 c6 3. Nc3 Nf6 4. Nf3 e6 5. e3 Nbd7 6. Bd3 dxc4 7. Bxc4 b5 8. Bd3 Bb7 9. a3 a5 10. O-O b4 11. Ne4 Nxe4 12. Bxe4 Nf6 13. Bd3 Be7 14. e4 O-O 15. e5 Nd5 16. axb4 axb4 17. Rxa8 Bxa8 18. Bc2 c5 19. Qd3 g6 20. Bh6 Re8 21. Ba4 c4 22. Qc2 Bf8 23. Bg5 Be7 24. Bxe8 Bxg5 25. Qxc4 Nb6 26. Bxf7+ Kxf7 27. Nxg5+ Qxg5 28. Qc7+ Kg8 29. g3 Qf5 30. Qxb6 Qe4 31. Qd8+ Kg7 32. Qf6+ Kg8 33. Qxe6+ 1-0

[Event "8th Mersin Open 2024"]
[Site "Mersin"]
[Date "2024.11.11"]
[Round "3"]
[White "Odeev, Handszar"]
[Black "Ughuzov, Ravan"]
[Result "1-0"]
[ECO "B11"]
[WhiteElo "2264"]
[BlackElo "2047"]
[Annotator "RC"]
[PlyCount "97"]
[EventDate "2024.11.10"]
[EventType "swiss"]
[EventCountry "TUR"]
[SourceTitle "playchess.com"]
[Source "ChessBase"]
[SourceQuality "1"]
[TimeControl "5400+30"]

1. e4 c6 2. Nc3 d5 3. Qe2 d4 4. Nb1 e5 5. d3 Bd6 6. g3 c5 7. Bg2 Nc6 8. Nf3 f6 9. Nh4 Be6 10. Nf5 Bf8 11. f4 Qd7 12. O-O O-O-O 13. fxe5 fxe5 14. Nd2 g6 15. Nh4 Qg7 16. Nc4 Be7 17. Bd2 Nh6 18. Na5 Nxa5 19. Bxa5 Rdf8 20. Bd2 Nf7 21. a3 Nd6 22. c3 Rxf1+ 23. Rxf1 Rf8 24. Rc1 Kb8 25. Nf3 g5 26. b4 g4 27. Nh4 cxb4 28. cxd4 bxa3 29. Nf5 Bxf5 30. exf5 exd4 31. Bf4 Rc8 32. Rxc8+ Kxc8 33. Qe6+ Kc7 34. f6 Qxf6 35. Bxd6+ Kd8 36. Qxf6 Bxf6 37. Bxa3 Kc7 38. Be4 h5 39. Bg6 h4 40. Kf2 a5 41. Be8 Kb6 42. Bd7 Kc7 43. Bxg4 b5 44. Bd1 Kc6 45. Kf3 Kb6 46. Bf8 hxg3 47. hxg3 Bg5 48. Ke4 Be3 49. Kd5 1-0

[Event "8th Mersin Open 2024"]
[Site "Mersin"]
[Date "2024.11.11"]
[Round "3"]
[White "Sanz Wawer, Daniel"]
[Black "Aliyev, Ravan"]
[Result "1/2-1/2"]
[ECO "A48"]
[WhiteElo "2254"]
[BlackElo "2338"]
[Annotator "RC"]
[PlyCount "133"]
[EventDate "2024.11.10"]
[EventType "swiss"]
[EventCountry "TUR"]
[SourceTitle "playchess.com"]
[Source "ChessBase"]
[SourceQuality "1"]
[TimeControl "5400+30"]

1. d4 Nf6 2. Nf3 g6 3. Bf4 Bg7 4. e3 O-O 5. h3 c5 6. Nbd2 cxd4 7. exd4 Nc6 8. c3 d6 9. Bh2 e5 10. dxe5 dxe5 11. Nc4 Nd5 12. Qd2 f6 13. Be2 Be6 14. O-O Qe7 15. Rad1 Rfd8 16. Qc2 Rac8 17. a4 Bh6 18. Nfd2 a6 19. a5 Bf7 20. Qa4 f5 21. Rfe1 e4 22. Bf1 Bf4 23. Bxf4 Nxf4 24. Nb6 Rb8 25. Ndc4 Rxd1 26. Rxd1 Rd8 27. b4 Nd3 28. Qc2 Nce5 29. Nxe5 Nxe5 30. Rxd8+ Qxd8 31. Qc1 g5 32. Qe3 Nd3 33. f3 Bg6 34. fxe4 fxe4 35. Nc4 Qd5 36. Nd2 Kg7 37. Bxd3 exd3 38. Kf2 Qf5+ 39. Nf3 h6 40. Ke1 Qd5 41. Qd4+ Qxd4 42. cxd4 Kf6 43. Kd2 Ke6 44. Ne5 Be4 45. g3 Kd5 46. Kc3 d2 47. Kxd2 Kxd4 48. Nf7 Bg2 49. h4 gxh4 50. gxh4 h5 51. Nd6 Ke5 52. Nc4+ Kf4 53. Ke2 Kg3 54. Nd6 Bc6 55. Ke3 Kg4 56. Nf7 Kxh4 57. Kf4 Kh3 58. Kg5 Bf3 59. Nd6 Kg3 60. Nf5+ Kf2 61. Nd6 Kg3 62. Nf5+ Kg2 63. Kh4 Kf2 64. Nd6 Ke3 65. b5 Kd4 66. Ne8 Kc4 67. Nc7 1/2-1/2

[Event "8th Mersin Open 2024"]
[Site "Mersin"]
[Date "2024.11.11"]
[Round "3"]
[White "Abbasi Abeluie, Mohammad Mehdi"]
[Black "Baradaran Tamadon, Arian"]
[Result "1/2-1/2"]
[ECO "E05"]
[WhiteElo "2218"]
[BlackElo "2323"]
[Annotator "RC"]
[PlyCount "48"]
[EventDate "2024.11.10"]
[EventType "swiss"]
[EventCountry "TUR"]
[SourceTitle "playchess.com"]
[Source "ChessBase"]
[SourceQuality "1"]
[TimeControl "5400+30"]

1. c4 e6 2. g3 d5 3. Bg2 Nf6 4. Nf3 Be7 5. O-O O-O 6. d4 dxc4 7. Qc2 a6 8. a4 Bd7 9. Qxc4 Bc6 10. Bg5 Nbd7 11. Nc3 a5 12. Qd3 h6 13. Bxf6 Nxf6 14. e4 Nd7 15. Rfd1 Bb4 16. Rac1 Bxc3 17. Qxc3 Bxe4 18. Qxc7 Rc8 19. Qxd8 Rfxd8 20. Ne5 Bxg2 21. Kxg2 Nb6 22. b3 Nd5 23. Nc4 b6 24. Ne3 Kf8 1/2-1/2

[Event "8th Mersin Open 2024"]
[Site "Mersin"]
[Date "2024.11.11"]
[Round "3"]
[White "Zerey, Demhat"]
[Black "Ikonnikov, Vyacheslav"]
[Result "1/2-1/2"]
[ECO "A46"]
[WhiteElo "2194"]
[BlackElo "2465"]
[Annotator "RC"]
[PlyCount "79"]
[EventDate "2024.11.10"]
[EventType "swiss"]
[EventCountry "TUR"]
[SourceTitle "playchess.com"]
[Source "ChessBase"]
[SourceQuality "1"]
[TimeControl "5400+30"]

1. d4 Nf6 2. Bf4 d6 3. Nf3 Nbd7 4. c3 b6 5. Nbd2 Bb7 6. e3 Nh5 7. Bg5 h6 8. Bh4 g5 9. Bg3 Bg7 10. Bd3 e6 11. e4 Nxg3 12. hxg3 Qe7 13. Qe2 a6 14. Nc4 g4 15. Nfd2 h5 16. O-O-O O-O-O 17. Ne3 a5 18. Ba6 Bh6 19. f4 gxf3 20. Bxb7+ Kxb7 21. gxf3 Rdg8 22. Rh3 Bxe3 23. Qxe3 e5 24. d5 Rg7 25. Rdh1 Rhg8 26. Nf1 Nf6 27. Qf2 Qd7 28. Ne3 Rg6 29. Ng2 Ra8 30. Nh4 Rgg8 31. Qd2 a4 32. Nf5 Ra5 33. Ne3 a3 34. b3 Raa8 35. Kd1 Rg6 36. Ke1 Ne8 37. Nf5 Nf6 38. Ne3 Ne8 39. Nf5 Nf6 40. Ne3 1/2-1/2

[Event "8th Mersin Open 2024"]
[Site "Mersin"]
[Date "2024.11.11"]
[Round "3"]
[White "Kazimova, Narmin"]
[Black "Lobanov, Sergei"]
[Result "*"]
[ECO "D35"]
[WhiteElo "2155"]
[BlackElo "2503"]
[Annotator "TA"]
[PlyCount "63"]
[EventDate "2024.11.10"]
[EventType "swiss"]
[EventCountry "TUR"]
[SourceTitle "playchess.com"]
[Source "ChessBase"]
[SourceQuality "1"]
[TimeControl "5400+30"]

1. c4 e6 2. Nc3 d5 3. d4 Nf6 4. Nf3 Nbd7 5. cxd5 exd5 6. Bf4 Bb4 7. e3 c5 8. Qc2 Qa5 9. a3 c4 10. Rc1 (10. axb4 Qxa1+ 11. Kd2 Nb6 $17) 10... Be7 (10... Bxc3+ {simplifies} 11. Qxc3 Qxc3+ 12. bxc3 O-O) 11. Be2 Ne4 12. O-O {[%emt 0:01:30][%cal Of4c7] [#] Black must now prevent Bc7!} Nxc3 13. bxc3 ({Reject} 13. Qxc3 Qxc3 14. bxc3 Nf6 $15) 13... Nf6 14. Nd2 O-O 15. e4 Nxe4 16. Nxe4 dxe4 17. Bxc4 (17. Qxe4 Bxa3 18. Ra1 Qxc3 $14) 17... Bf5 18. Qb3 Rac8 19. a4 (19. Qxb7 Bxa3 20. Qb3 (20. Qa6 Qxa6 21. Bxa6 Rc6 $17) 20... Bxc1 21. Rxc1 h6 $14) 19... b6 (19... Ba3 $11 {keeps the balance.}) 20. Rfe1 Bg6 21. Bd5 (21. Bb5 $14) 21... Ba3 $1 $11 22. Qxa3 Qxd5 23. a5 Rc6 24. axb6 axb6 25. Qb4 h5 26. Be3 b5 27. Rb1 Rb8 28. Bf4 Rb7 29. Ra1 Rc8 {[%emt 0:00:30] Against Ra8. Black is weak on the dark squares} 30. Ra6 Kh7 31. Qa5 (31. h3 $11) 31... h4 (31... Qc4 $17 32. h4 Qxc3) 32. h3 {[%emt 0:00:30] Weighted Error Value: White=0.13 (very precise) /Black=0.12 (very precise) .  Mistake:       	White=2     	Black=2      Inaccurate:     	---       	Black=2      OK:         	White=8     	Black=9      Best:        	---       	Black=1      Strong:       	---       	Black=1} *

[Event "8th Mersin Open 2024"]
[Site "Mersin"]
[Date "2024.11.11"]
[Round "3"]
[White "Bayramov, Vugar"]
[Black "Turker, Esat Tuna"]
[Result "1/2-1/2"]
[ECO "A84"]
[WhiteElo "2133"]
[BlackElo "2050"]
[Annotator "NA RC"]
[PlyCount "98"]
[EventDate "2024.11.10"]
[EventType "swiss"]
[EventCountry "TUR"]
[SourceTitle "playchess.com"]
[Source "ChessBase"]
[SourceQuality "1"]
[TimeControl "5400+30"]

1. d4 e6 2. Nf3 f5 3. g3 b6 4. Bg2 Bb7 5. O-O Nf6 6. c4 g6 7. Nc3 Bg7 8. d5 Na6 9. e4 O-O $14 10. exf5 exf5 11. Nd4 Re8 12. a3 Nc5 13. Bg5 h6 14. Bf4 a6 15. b4 Nce4 16. Nxe4 Nxe4 17. Rc1 c5 18. bxc5 bxc5 19. Ne2 d6 20. Be3 g5 21. Rb1 Bc8 22. Qb3 Bd7 23. Qb6 Ba4 24. Qxd8 Rexd8 25. Bh3 g4 26. Bg2 Rab8 27. Nf4 Bc2 28. Rbc1 Rb2 29. Ne6 Rdb8 30. Bf4 R8b6 31. f3 gxf3 32. Bxf3 Bd3 33. Rfe1 Ra2 34. g4 Ng5 35. Bxg5 hxg5 36. Nxg7 Kxg7 37. Re7+ Kf8 38. Re6 f4 39. Rce1 Rb1 40. Rxb1 Bxb1 41. Rxd6 Rxa3 42. Be2 Ke7 43. Rb6 Bd3 44. Bxd3 Rxd3 45. Rc6 a5 46. Rxc5 a4 47. Ra5 a3 48. Kf1 Kd6 49. Kg2 Ke7 1/2-1/2

[Event "8th Mersin Open 2024"]
[Site "Mersin"]
[Date "2024.11.11"]
[Round "3"]
[White "Mohannad, Farhan"]
[Black "Golshaani, Taha"]
[Result "1/2-1/2"]
[ECO "D85"]
[WhiteElo "2115"]
[BlackElo "2026"]
[Annotator "NA RC"]
[PlyCount "69"]
[EventDate "2024.11.10"]
[EventType "swiss"]
[EventCountry "TUR"]
[SourceTitle "playchess.com"]
[Source "ChessBase"]
[SourceQuality "1"]
[TimeControl "5400+30"]

1. d4 Nf6 2. c4 g6 3. Nc3 d5 4. cxd5 Nxd5 5. e4 Nxc3 6. bxc3 Bg7 7. Nf3 c5 8. Rb1 O-O 9. Be2 cxd4 10. cxd4 Qa5+ 11. Qd2 Qxd2+ 12. Bxd2 b6 13. O-O e6 14. Bc4 Bb7 15. Rfe1 Nd7 16. a4 a6 $11 17. d5 exd5 18. Bxd5 Bxd5 19. exd5 Rfd8 20. Bg5 Bf6 21. Be3 Rab8 22. Rec1 Ne5 23. Nxe5 Bxe5 24. f4 Bf6 25. Rc6 Be7 26. Rcxb6 Rxb6 27. Rxb6 Rxd5 28. Rxa6 Bc5 29. Bxc5 Rxc5 30. h3 h5 31. Kf2 Rc3 32. f5 g5 33. a5 Ra3 34. Ra8+ Kg7 35. Ra6 1/2-1/2